 Dungeon Crawl Stone Soup version 0.23-a0-650-ga4d50d4 (webtiles) character file.

1428 zishaf the Ruffian (level 8, -9/79 HPs)
             Began as a Troll Hunter on Jan 3, 2019.
             Blown up by Pikel (22 damage)
             ... with a wand of disintegration (8)
             ... on level 5 of the Dungeon.
             The game lasted 00:09:52 (3624 turns).

zishaf the Ruffian (Troll Hunter)                   Turns: 3624, Time: 00:09:53

Health: -9/79      AC:  6    Str: 21    XL:     8   Next: 44%
Magic:  7/7        EV: 11    Int:  7    God:
Gold:   297        SH:  0    Dex: 12    Spells: 7/7 levels left

rFire    . . .     SeeInvis .     - Unarmed
rCold    . . .     Gourm    +   (no shield)
rNeg     . . .     Faith    .   q - +1 robe
rPois    +         Spirit   .   (helmet restricted)
rElec    .         Reflect  .   (no cloak)
rCorr    .         Harm     .   (gloves unavailable)
MR       .....                  (boots unavailable)
Stlth    ..........             (no amulet)
HPRegen  0.63/turn              y - ring of poison resistance
MPRegen  0.10/turn              z - ring of attention (curse)

@: no status effects
A: large, unfitting armour, claws 3, fast metabolism 3, gourmand, regeneration
1, shaggy fur 1, tough skin 2
a: no special abilities


You were on level 5 of the Dungeon.
You were completely stuffed.

You visited 1 branch of the dungeon, and saw 5 of its levels.

You collected 297 gold pieces.

Inventory:

Hand Weapons
 a - a +0 hunting sling
 w - a +1 blowgun
Missiles
 c - 5 large rocks (quivered)
 d - 2 throwing nets
 g - 106 stones
 j - 40 poisoned needles
 u - 26 sling bullets
 B - 4 curare-tipped needles
Armour
 q - a +1 robe (worn)
Jewellery
 y - a ring of poison resistance (left claw)
 z - a cursed ring of attention (right claw)
Wands
 k - a wand of enslavement (12)
 x - a wand of polymorph (7)
Scrolls
 e - a scroll of magic mapping {unknown}
 h - 2 scrolls of remove curse
 i - a scroll of immolation
 l - 2 scrolls of enchant weapon
 o - a scroll of amnesia {unknown}
 s - a scroll of blinking {unknown}
 t - 2 scrolls of enchant armour
Potions
 b - a potion of mutation {unknown}
 m - a potion of cancellation
 n - a potion of brilliance
 p - a potion of agility
 r - 2 potions of heal wounds
 v - a potion of curing {unknown}
Comestibles
 f - 9 rations
 A - 11 chunks of flesh


   Skills:
 + Level 4.5 Fighting
 - Level 3.6 Throwing
 + Level 4.5 Dodging
 - Level 0.3 Stealth
 * Level 7.3 Unarmed Combat


You had 7 spell levels left.
You didn't know any spells.
Your spell library contained the following spells:

 Spells                   Type           Power        Failure   Level  Hunger
 Confusing Touch          Hex            #.....       43%         1    ##.....
 Shock                    Conj/Air       #...         43%         1    ##.....
 Swiftness                Chrm/Air       #.......     56%         2    ###....
 Confuse                  Hex            #.......     80%         3    ####...
 Gell's Gravitas          Tloc           #.........   80%         3    ####...
 Static Discharge         Conj/Air       #.......     80%         3    ####...
 Airstrike                Air            #.........   99%         4    #####..
 Petrify                  Tmut/Erth      #.......     99%         4    #####..
 Lightning Bolt           Conj/Air       #.........   100%        5    ######.
 Metabolic Englaciation   Hex/Ice        #.........   100%        5    ######.
 Yara's Violent Unravell  Hex/Tmut       #.........   100%        5    ######.


Dungeon Overview and Level Annotations

Branches:
Dungeon (5/15)
 Temple: D:4-7

Altars:
Fedhas
Sif Muna
Vehumet

Shops:
D:5 %

Annotations:
D:5 Pikel


Innate Abilities, Weirdness & Mutations

You are too large for most types of armour.
You have claws for hands.
Your metabolism is lightning-fast.
You like to eat raw meat.
Your natural rate of healing is unusually fast.
You are covered in fur. (AC +1)
You have very tough skin. (AC +2)


Message History

Some of the chunks of flesh in your inventory have rotted away.
You scratch Pikel.
Pikel is severely wounded.
Pikel misses you.
You scratch Pikel but do no damage.
Pikel is severely wounded.
Pikel hits you with a +2 whip of flaming!
* * * LOW HITPOINT WARNING * * *
Pikel burns you.
* * * LOW HITPOINT WARNING * * *
You miss Pikel.
Pikel is severely wounded.
Pikel closely misses you.
You closely miss Pikel.
Pikel is severely wounded.
Pikel hits you but does no damage.
You barely miss Pikel.
Pikel is severely wounded.
Pikel zaps a wand.
You are blasted!
You die...

#....##.#...
#..####.#.##
#..####.#.##
#.......#.##
##.######.#.
#.....##.#. #
#####.##...
....###############
#.####.
....(.pppK@.......#
#......
##(..############.#
######. ... #.# #. .
#.# #. ### #)# #.
##.#####.#### #.
######.#..)......# #.
#.....#.###).#.#.#####.
#.###.#.# #...)[((..((.


You could see Pikel and 3 slaves.

Vanquished Creatures
  Grinder (D:5)
  Sigmund (D:4)
  Edmund (D:4)
  A sky beast (D:5)
  A slave (D:5)
  A centaur (D:5)
  A howler monkey (D:4)
  4 orc priests
  10 orc wizards
  An iguana (D:4)
  4 worker ants
  A hound skeleton (D:4)
  A worker ant zombie (D:5)
  Robin (D:3)
  A howler monkey skeleton (D:5)
  4 adders
  An adder zombie (D:5)
  2 worms
  3 dart slugs
  4 leopard geckos
  30 orcs
  5 bats
  5 giant cockroaches
  8 hobgoblins
  6 jackals (D:3)
  3 quokkas
  6 frilled lizards
  10 goblins
  A jackal skeleton (D:5)
  3 kobolds (D:3)
  3 rats
124 creatures vanquished.

Notes
Turn   | Place    | Note
-------+----------+-------------------------------------------
     0 | D:1      | zishaf the Troll Hunter began the quest for the Orb.
     0 | D:1      | Reached XP level 1. HP: 19/19 MP: 0/0
   339 | D:1      | Reached skill level 1 in Unarmed Combat
   339 | D:1      | Reached XP level 2. HP: 28/28 MP: 1/1
   804 | D:2      | Found a blossoming altar of Fedhas.
   872 | D:2      | Reached skill level 2 in Unarmed Combat
   872 | D:2      | Reached XP level 3. HP: 12/35 MP: 2/2
  1234 | D:2      | Reached XP level 4. HP: 39/42 MP: 3/3
  1404 | D:3      | Reached skill level 3 in Unarmed Combat
  1462 | D:3      | Noticed Robin
  1496 | D:3      | Killed Robin
  1501 | D:3      | Reached XP level 5. HP: 27/50 MP: 4/4
  1600 | D:3      | Found a faded altar of an unknown god.
  1686 | D:3      | Became a worshipper of Sif Muna the Loreminder
  1686 | D:3      | Reached * piety under Sif Muna
  1687 | D:3      | Fell from the grace of Sif Muna
  2228 | D:4      | Reached skill level 4 in Unarmed Combat
  2233 | D:4      | Reached XP level 6. HP: 43/59 MP: 5/5
  2692 | D:4      | Reached skill level 5 in Unarmed Combat
  2763 | D:4      | Reached XP level 7. HP: 67/67 MP: 6/6
  2805 | D:4      | Noticed Edmund
  2806 | D:4      | Noticed Sigmund
  2814 | D:4      | Killed Edmund
  2832 | D:4      | Killed Sigmund
  2832 | D:4      | Reached skill level 6 in Unarmed Combat
  2908 | D:5      | Entered Level 5 of the Dungeon
  3235 | D:5      | Found a radiant altar of Vehumet.
  3259 | D:5      | Noticed Grinder
  3266 | D:5      | Killed Grinder
  3266 | D:5      | Reached XP level 8. HP: 57/78 MP: 7/7
  3314 | D:5      | Found Yzi Luw's Food Shop.
  3383 | D:5      | Reached skill level 7 in Unarmed Combat
  3598 | D:5      | Noticed Pikel
  3624 | D:5      | Blown up by Pikel

Vault maps used:
D:1:      giann_forest_graveyard
D:2:      fedhas_ov_isle_minmay
D:3:      chequers_ecumenical_altar_island, uniq_robin
D:4:      minivault_19, sigmund_edmund_badplayer, uniq_edmund
D:5:      basic_altar, serial_shops, kennysheep_mini, first_ration,
          ebering_ghost_disaster_area, uniq_grinder, uniq_pikel

Skill      XL: |  1  2  3  4  5  6  7  8 |
---------------+-------------------------+-----
Unarmed Combat | 1 2 3 4 5 6 7 |  7.3
Fighting       | 2 3 4 |  4.5
Dodging        | 2 3 4 |  4.5
Throwing       | |  3.6
Stealth        | |  0.3

Action                   |  1- 3 |  4- 6 |  7- 9 || total
-------------------------+-------+-------+-------++-------
Melee: Unarmed           |    68 |   217 |   117 ||   402
       Punch             |     2 |     2 |     2 ||     6
 Fire: Hunting sling     |       |    20 |     6 ||    26
Throw: Large rock        |     2 |     3 |    12 ||    17
Invok: Renounce Religion |       |     1 |       ||     1
  Use: Scroll            |       |     9 |       ||     9
 Stab: Sleeping          |     2 |     1 |       ||     3
  Eat: Chunk             |    12 |    18 |     9 ||    39
Armor: Robe              |    18 |    56 |    29 ||   103
Dodge: Dodged            |    24 |   113 |    33 ||   170

Table legend:
 A = Non-vault XP
 B = Vault XP
 C = Vault XP percentage of total XP
 D = Non-vault monster count
 E = Vault monster count
 F = Vault count percentage of total count
                 A         B        C        D         E       F
            +---------+---------+-------+---------+---------+-------
      Total |    1310 |     730 |  35.8 |     109 |      14 |  11.4
            +---------+---------+-------+---------+---------+-------
        D:1 |      26 |       0 |   0.0 |      13 |       0 |   0.0
        D:2 |      75 |       0 |   0.0 |      13 |       0 |   0.0
        D:3 |     121 |      33 |  21.4 |      31 |      11 |  26.2
        D:4 |     572 |     407 |  41.6 |      35 |       2 |   5.4
        D:5 |     516 |     290 |  36.0 |      17 |       1 |   5.6
            +---------+---------+-------+---------+---------+-------
